 Dungeon Crawl Stone Soup version 0.21-a0-642-g5d013b2151 (webtiles) character file.

928 Deemzul the Slasher (level 7, 0/55 HPs)
             Began as a Demonspawn Fighter on Dec 31, 2017.
             Succumbed to an orc wizard's poison
             ... on level 6 of the Dungeon.
             The game lasted 00:04:50 (3542 turns).

Deemzul the Slasher (Demonspawn Fighter)            Turns: 3542, Time: 00:04:51

Health: 0/55       AC: 13    Str: 16    XL:     7   Next: 85%
Magic:  8/8        EV:  7    Int:  9    God:
Gold:   229        SH:  9    Dex: 15    Spells: 6/6 levels left

rFire    . . .     SeeInvis .   a - +0 long sword
rCold    . . .     Gourm    .   c - +0 shield
rNeg     . . .     Faith    .   b - +0 scale mail
rPois    .         Spirit   .   n - +0 helmet
rElec    .         Reflect  .   y - +2 cloak
rCorr    .         Harm     .   (no gloves)
MR       +....                  (no boots)
Stlth    ..........             (no amulet)
HPRegen  0.18/turn              (no ring)
MPRegen  0.11/turn              i - ring of protection from magic

@: lethally poisoned (0 -> -25), starving
A: claws 1, yellow scales 1, powered by pain 1, rot immunity
a: no special abilities


You were on level 6 of the Dungeon.
You were starving.

You visited 1 branch of the dungeon, and saw 6 of its levels.

You collected 229 gold pieces.

Inventory:

Hand Weapons
 a - a +0 long sword (weapon)
 l - a +3 quarterstaff of chaos
 u - a +0 blowgun
Missiles
 v - 8 curare-tipped needles
Armour
 b - a +0 scale mail (worn)
 c - a +0 shield (worn)
 j - a +0 cloak
 n - a +0 helmet (worn)
 y - a +2 cloak (worn)
Jewellery
 i - a ring of protection from magic (right claw)
Wands
 x - a wand of random effects (25)
Scrolls
 e - 2 scrolls of remove curse
 g - 2 scrolls of random uselessness
 h - a scroll of noise
 q - a scroll of teleportation
 t - a scroll of fear
 w - 2 scrolls of identify
Potions
 d - 2 potions of might
 k - a potion of heal wounds {unknown}
 o - 5 potions of curing {unknown}
 p - a potion of degeneration {unknown}
 r - a potion of brilliance {unknown}
 s - a potion of flight {unknown}
 z - a potion of haste
 A - a potion of lignification {unknown}
Books
 m - a book of Minor Magic

   Spells                             Type                      Level
   a - Magic Dart                     Conjuration                  1
   b - Blink                          Translocation                2
   c - Call Imp                       Summoning                    2
   d - Slow                           Hexes                        2
   e - Conjure Flame                  Conjuration/Fire             3
   f - Mephitic Cloud                 Conjuration/Poison/Air       3
Comestibles
 f - 4 rations


   Skills:
 + Level 4.7 Fighting
 * Level 5.0 Long Blades
 + Level 2.3 Throwing
 + Level 4.2 Armour
 + Level 4.2 Shields
 + Level 1.4 Evocations


You had 6 spell levels left.
You didn't know any spells.

Dungeon Overview and Level Annotations

Branches:
Dungeon (6/15)
 Temple: D:4-7

Altars:
Nemelex Xobeh
Xom
Yredelemnul
Zin

Annotations:
D:3 Grinder
D:6 Pikel


Innate Abilities, Weirdness & Mutations

You have sharp fingernails.
You are partially covered in yellow scales. (AC +2)
You sometimes gain a little power by taking damage.
You are immune to rotting.


Message History

* * * LOW HITPOINT WARNING * * *
You feel very sick. The orc hits you but does no damage.
The orc wizard hits you but does no damage.
You are more poisoned.
You closely miss the orc wizard.
The orc wizard is severely wounded.
* * * LOW HITPOINT WARNING * * *
You feel very sick. You block the orc's attack.
You block the orc wizard's attack.
Unknown command.
You hit the orc wizard.
You kill the orc wizard!
Your life force feels restored.
* * * LOW HITPOINT WARNING * * *
You feel very sick. You block the orc's attack. The orc hits you.
* * * LOW HITPOINT WARNING * * *
You closely miss the orc.
You die...

.###. ##.# #.
#.# #. #o# ..
#.# . #. #.#
... #. #.#
....##. #.#
.......#####.#
.?....)@o....#
...###########


You could see an orc.

Vanquished Creatures
  Prince Ribbit (D:5)
  2 phantoms
  A scorpion (D:6)
  A howler monkey (D:5)
  A bullfrog zombie (D:5)
  An orc priest (D:3)
  Crazy Yiuf (D:5)
  A hound (D:5)
  A jelly (D:5)
  2 iguanas
  An orc wizard (D:6)
  Natasha (twice) (D:2)
  3 worker ants
  A mummy (D:5)
  3 adders
  An ooze (D:1)
  2 adder skeletons (D:5)
  An adder zombie (D:5)
  A dart slug (D:1)
  5 leopard geckos
  4 orcs
  4 ball pythons
  2 giant cockroaches
  6 goblins
  7 hobgoblins
  2 jackals (D:5)
  6 bats
  10 frilled lizards
  A hobgoblin zombie (D:5)
  3 kobolds
  2 kobold zombies (D:5)
  An orc zombie (D:5)
  8 rats
88 creatures vanquished.

Notes
Turn   | Place    | Note
-------+----------+-------------------------------------------
     0 | D:1      | Deemzul the Demonspawn Fighter began the quest for the Orb.
     0 | D:1      | Reached XP level 1. HP: 18/18 MP: 1/1
    27 | D:1      | Reached skill level 2 in Long Blades
    90 | D:1      | Gained mutation: You sometimes gain a little power by taking damage. [demonic ancestry]
    90 | D:1      | Reached XP level 2. HP: 18/24 MP: 2/2
   508 | D:2      | Gained mutation: You have sharp fingernails. [demonic ancestry]
   508 | D:2      | Reached XP level 3. HP: 29/29 MP: 3/3
   513 | D:2      | Found a shimmering altar of Xom.
   513 | D:2      | Noticed an angel
   528 | D:2      | Noticed Natasha
   534 | D:2      | Killed Natasha
   541 | D:2      | Reached XP level 4. HP: 26/35 MP: 4/4
   548 | D:2      | Found a glowing silver altar of Zin.
   587 | D:2      | Reached skill level 3 in Long Blades
   687 | D:2      | Found a basalt altar of Yredelemnul.
   918 | D:2      | Found a sparkling altar of Nemelex Xobeh.
   965 | D:2      | Noticed Natasha
   979 | D:2      | Killed Natasha
  1154 | D:3      | Gained mutation: You are immune to rotting. [demonic ancestry]
  1154 | D:3      | Reached XP level 5. HP: 38/42 MP: 5/5
  1474 | D:3      | Noticed Grinder
  1575 | D:4      | Noticed a phantom
  1614 | D:4      | Killed a phantom
  1614 | D:4      | Gained mutation: You are partially covered in yellow scales. (AC +2) [demonic ancestry]
  1614 | D:4      | Reached XP level 6. HP: 45/48 MP: 6/6
  1656 | D:4      | Reached skill level 1 in Throwing
  1688 | D:5      | Entered Level 5 of the Dungeon
  1705 | D:5      | Reached skill level 4 in Long Blades
  2141 | D:5      | Reached XP level 7. HP: 34/55 MP: 7/7
  2444 | D:5      | Found a runed door.
  2509 | D:5      | Noticed Prince Ribbit
  2574 | D:5      | Killed Prince Ribbit
  2574 | D:5      | Reached skill level 1 in Evocations
  2953 | D:5      | Noticed Crazy Yiuf
  2957 | D:5      | Paralysed by Crazy Yiuf for 2 turns
  2968 | D:5      | Killed Crazy Yiuf
  3027 | D:6      | Noticed Pikel
  3155 | D:6      | Reached skill level 5 in Long Blades
  3542 | D:6      | Succumbed to an orc wizard's poison

Vault maps used:
D:1:      mrwooster_arrival_statue_3, minmay_lizard_king
D:2:      grunt_temple_overflow_order_and_chaos_1, yredelemnul_altar_generic,
          nemelex_altar_shiori, uniq_natasha
D:3:      lemuel_doored_altar, lightli_temple_of_fire, first_ration,
          uniq_grinder
D:4:      ashenzari_conservatory_becter, minmay_temple_entry_glassed_door,
          uniq_menkaure, uniq_ijyb, uniq_eustachio
D:5:      minmay_mini_ossuary, uniq_prince_ribbit1, uniq_crazy_yiuf_cottage
D:6:      nicolae_ru_great_annihilating_truth, minivault_1, uniq_pikel,
          uniq_blork_the_orc

Skill      XL: |  1  2  3  4  5  6  7 |
---------------+----------------------+-----
Long Blades    | 2 3 4 5 |  5.0
Armour         | 3 4 |  4.2
Shields        | 3 4 |  4.2
Fighting       | 4 |  4.7
Throwing       | 1 2 |  2.3
Evocations     | 1 |  1.4

Action                   |  1- 3 |  4- 6 |  7- 9 || total
-------------------------+-------+-------+-------++-------
Melee: Long sword        |    83 |   193 |   128 ||   404
Evoke: Wand              |       |     1 |     3 ||     4
  Use: Potion            |     1 |       |       ||     1
       Scroll            |       |       |     9 ||     9
 Stab: Paralysed         |       |       |     5 ||     5
  Eat: Chunk             |       |     5 |     2 ||     7
Armor: Scale mail        |    43 |    98 |    63 ||   204
Dodge: Dodged            |    29 |    48 |    42 ||   119
Block: Shield            |    43 |   100 |    77 ||   220
       Rpst.: Long sword |     9 |    16 |    12 ||    37

Table legend:
 A = Spawn XP
 B = Non-spawn XP
 C = Spawn XP percentage of total XP
 D = Spawn monster count
 E = Non-spawn monster count
 F = Spawn count percentage of total count
 G = Total turns spent on level
                    A         B        C        D         E        F      G
               +---------+---------+-------+---------+---------+-------+---------
         Total |       0 |    1326 |   0.0 |       0 |      88 |   0.0 |  3542
               +---------+---------+-------+---------+---------+-------+---------
           D:1 |       0 |      38 |   0.0 |       0 |      21 |   0.0 |   507
           D:2 |       0 |     148 |   0.0 |       0 |      20 |   0.0 |   598
           D:3 |       0 |     115 |   0.0 |       0 |      17 |   0.0 |   453
           D:4 |       0 |     160 |   0.0 |       0 |       2 |   0.0 |   130
           D:5 |       0 |     752 |   0.0 |       0 |      24 |   0.0 |  1678
           D:6 |       0 |     113 |   0.0 |       0 |       4 |   0.0 |   176
               +---------+---------+-------+---------+---------+-------+---------
